 Seeded DCSS version 0.28-a0-1206-g193881aaa2 (webtiles) character file.

Game seed: 17753636173388036118 (custom seed)

214 flotson the Ducker (level 5, -26/41 HPs)
             Began as a Demonspawn Gladiator on Dec 20, 2021.
             Engulfed by a cloud of flame (27 damage)
             ... on level 3 of the Dungeon.
             The game lasted 00:06:48 (2560 turns).

flotson the Ducker (Demonspawn Gladiator)           Turns: 2560, Time: 00:06:48

Health: -26/41     AC: 14    Str: 17    XL:     5   Next: 59%
Magic:  5/5        EV: 11    Int:  9    God:
Gold:   115        SH:  0    Dex: 14    Spells: 4/4 levels left

rFire   . . .      SeeInvis .   p - +3 quarterstaff (chaos)
rCold   . . .      Faith    .   (shield currently unavailable)
rNeg    . . .      Spirit   .   j - +0 scale mail
rPois   .          Reflect  .   c - +0 helmet
rElec   .          Harm     .   o - +0 cloak
rCorr   .          Rampage  .   (no gloves)
Will    +....                   (no boots)
Stlth   ..........              (no amulet)
HPRegen 0.13/turn               s - ring of willpower
MPRegen 0.18/turn               (no ring)

@: brilliant, sanguine armoured
A: powered by death 2, magic regeneration, sanguine armour 1
a: no special abilities


You were on level 3 of the Dungeon.
You visited 1 branch of the dungeon, and saw 3 of its levels.

You collected 115 gold pieces.

Inventory:

Hand Weapons
 a - a +0 war axe
 p - a +3 quarterstaff of chaos (weapon)
Missiles
 d - 3 throwing nets
 h - 3 curare-tipped darts
 q - 3 poisoned darts (quivered)
Armour
 c - a +0 helmet (worn)
 j - a +0 scale mail (worn)
 o - a +0 cloak (worn)
Jewellery
 s - a ring of willpower (left hand)
Wands
 t - a wand of charming (3)
Scrolls
 b - a scroll of identify {unknown}
 f - a scroll of amnesia {unknown}
 g - 5 scrolls of teleportation {unknown}
 l - a scroll of noise {unknown}
 m - a scroll of vulnerability {unknown}
Potions
 e - a potion of degeneration {unknown}
 i - a potion of mutation {unknown}
 k - a potion of heal wounds {unknown}
 n - a potion of cancellation {unknown}


   Skills:
 + Level 3.4 Fighting
 - Level 2.6 Axes
 + Level 3.0 Throwing
 + Level 2.2 Armour
 + Level 3.7 Dodging


You had 4 spell levels left.
You didn't know any spells.
Your spell library contained the following spells:

 Spells                   Type           Power      Damage    Failure   Level
 Ensorcelled Hibernation  Hex/Ice        0%         N/A       91%         2
 Spider Form              Tmut/Pois      0%         N/A       99%         3


Dungeon Overview and Level Annotations

Branches:
Dungeon (3/15)

Altars:


Innate Abilities, Weirdness & Mutations

You regenerate health from kills.
You regenerate magic rapidly.
When seriously injured, your blood forms armour. (AC +6)


Message History

No target in view!
No target in view!
No target in view!
t - a wand of charming (3)
You now have 115 gold pieces (gained 30).
Things that are here:
a +0 robe; a hobgoblin corpse
Items here: )))) †††.
A kobold comes into view. It is wielding a +0 club.
The kobold barely misses you.
You hit the kobold but do no damage. The kobold closely misses you.
You closely miss the kobold. The kobold hits you but does no damage.
You closely miss the kobold. The kobold barely misses you.
You thump the kobold!
You kill the kobold!
No target in view!
No target in view!
No target in view!
No target in view!
No target in view!
No target in view!
No target in view!
You see here a +0 club.
Partly explored, can't reach some items and places.
You see here a +0 club.
Really walk into a travel-excluded area?
You see here 19 arrows.
Items here: )))) ÷÷÷.
Things that are here:
a +0 robe; a hobgoblin corpse Really walk into a travel-excluded area?
You are engulfed in blazing flames.
Your blood congeals into armour.
You are engulfed in blazing flames.
Ouch! That really hurt!
* * * LOW HITPOINT WARNING * * *
It was a potion of brilliance.
You feel clever all of a sudden.
You are engulfed in blazing flames.
Ouch! That really hurt!
You die...

#.>..................##..........
#....####..................<.####
#....## ###....#####.(#......####
#.....# #...## #....#......##
#....## #§○§# #)#..#.####.#.
#....# #.○§# #[#..#.#..#.#.
#..).# #○§§# #.#..#.#..#.#.
....#######...######.##.#.#....#.
.......☼○§.....○@§...............
....#..§§§.(.:.☼§§....<.....##.#.
....##.○§....(.§☼○.[####..##.....
....# #####...#####..........#.#.
....# #○§§# #)#####..###<.. ....#
#§§§# #.............. ##### #.§§#
#.#####...##.#. #...#####.#
#.#.##.#. #........# #.#....#.


There were no monsters in sight!

Vanquished Creatures
  A hound (D:2)
  Terence (D:2)
  Crazy Yiuf (D:2)
  An iguana (D:3)
  Robin (D:3)
  2 adders (D:2)
  A worm (D:2)
  A dart slug (D:2)
  An orc (D:3)
  5 ball pythons
  5 endoplasms
  2 giant cockroaches (D:3)
  14 goblins
  6 hobgoblins
  4 kobolds
  2 quokkas (D:2)
  9 bats
  7 frilled lizards
  7 rats
71 creatures vanquished.

Vanquished Creatures (others)
  An endoplasm (D:3)
  A goblin (D:3)
  A plant (D:2)
3 creatures vanquished.

Grand Total: 74 creatures vanquished

Notes
Turn   | Place    | Note
-------+----------+-------------------------------------------
     0 | D:1      | flotson the Demonspawn Gladiator began the quest for the
                  | Orb.
     0 | D:1      | Reached XP level 1. HP: 16/16 MP: 1/1
   202 | D:1      | Gained mutation: You regenerate a little health from kills.
                  | [demonic ancestry]
   202 | D:1      | Reached XP level 2. HP: 7/22 MP: 2/2
   612 | D:1      | Found a faded altar of an unknown god.
   804 | D:1      | Reached skill level 1 in Armour
  1030 | D:2      | Gained mutation: You regenerate health from kills. [demonic
                  | ancestry]
  1030 | D:2      | Reached XP level 3. HP: 28/28 MP: 3/3
  1066 | D:2      | Noticed Terence
  1079 | D:2      | Killed Terence
  1120 | D:2      | Gained mutation: You regenerate magic rapidly. [demonic
                  | ancestry]
  1120 | D:2      | Reached XP level 4. HP: 34/34 MP: 4/4
  1467 | D:2      | Found a runed translucent door.
  1468 | D:2      | Noticed Crazy Yiuf
  1802 | D:2      | Killed Crazy Yiuf
  1985 | D:2      | Gained mutation: When seriously injured, your blood forms
                  | armour. (AC +6) [demonic ancestry]
  1985 | D:2      | Reached XP level 5. HP: 34/41 MP: 5/5
  2296 | D:3      | Noticed Robin
  2306 | D:3      | Killed Robin
  2559 | D:3      | HP: 1/41 [something (21)]
  2560 | D:3      | Engulfed by a cloud of flame

Illustrated notes

Levels and vault maps discovered:
D:1:      lightli_arrival_lavapool, layout_basic,
          dreamdust_ecumenical_altar_hidden_monk_grotto
D:2:      layout_rooms, serial_bayou_pond_b, hex_intersection,
          amcnicky_mini_pool_small, uniq_terence, uniq_crazy_yiuf_cottage
D:3:      layout_basic, lemuel_flame_loot_1, uniq_robin

Skill      XL: |  1  2  3  4  5 |
---------------+----------------+-----
Throwing       | 2 3 |  3.0
Dodging        | 3 |  3.7
Armour         | 1 2 |  2.2
Fighting       | 3 |  3.4
Axes           | |  2.6

Action                   |  1- 3 |  4- 6 || total
-------------------------+-------+-------++-------
Melee: War axe           |    81 |    36 ||   117
       Quarterstaff      |       |    70 ||    70
Throw: Dart              |     1 |     4 ||     5
  Use: Potion            |       |     1 ||     1
Armor: Leather armour    |    40 |       ||    40
       Scale mail        |     3 |    65 ||    68
Dodge: Dodged            |    65 |    76 ||   141

Table legend: (Time is in decaauts)
 A = Elapsed time spent in this place.
 B = Non-inter-level travel time spent in this place.
 C = Inter-level travel time spent in this place.
 D = Time resting spent in this place.
 E = Time spent auto-exploring this place.
 F = Levels seen in this place.
 G = Mean time per level.
                   A        B        C        D        E       F      G
               +--------+--------+--------+--------+--------+-----+--------+
         Total |   2627 |   2539 |     88 |      3 |   1771 |   3 |  875.7 |
       Dungeon |   2627 |   2539 |     88 |      3 |   1771 |   3 |  875.7 |
               +--------+--------+--------+--------+--------+-----+--------+

Top non-repeatable levels by time:
     D:1: 1012 daAuts
     D:2: 993 daAuts
     D:3: 621 daAuts
